Map: Abandoned Parish

Players

wArLoRd - Winner!

  • Race: Protoss Protoss
  • Spawn Location: 12:00

DyNasty - Winner!

  • Race: Protoss Protoss
  • Spawn Location: 9:00

Grumm - Winner!

  • Race: Zerg Zerg
  • League: Gold
  • Spawn Location: 3:00

DoyouWantGay - Winner!

  • Race: Zerg Zerg
  • League: Gold
  • Spawn Location: 12:00

RedBlueShift

  • Race: Protoss Protoss
  • Spawn Location: 6:00

Martin

  • Race: Protoss Protoss
  • Spawn Location: 6:00

JamesBoss

  • Race: Protoss Protoss
  • League: Gold
  • Spawn Location: 7:00

OMG

  • Race: Protoss Protoss
  • Spawn Location: 3:00

VOD

Have the link to the VOD?

Description

Time

  • Played on: Jan. 21, 2016, 12:58 a.m.
  • Length: 8:51
Show
View Real Time Build Order
Export as new Build Order

wArLoRd Protoss - Winner!

Build Orders: Nexus First 

Get SALT Encoding   

  12  0:16  Pylon  
  12  0:53  Probe (Chrono Boost)  
  13  1:03  Probe (Chrono Boost)  
  14  1:05  Nexus  
  14  1:14  Probe (Chrono Boost), Gateway  
  15  1:28  Forge  
  15  1:35  Probe (Chrono Boost)  
  15  1:36  Assimilator  
  16  1:45  Probe (Chrono Boost)  
  17  1:56  Probe (Chrono Boost)  
  18  2:06  Probe (Chrono Boost)  
  19  2:17  Probe (Chrono Boost)  
  20  2:24  Pylon  
  20  2:26  Probe (Chrono Boost)  
  20  2:27  Probe (Chrono Boost)  
  22  2:34  Assimilator  
  22  2:36  Probe (Chrono Boost)  
  23  2:38  Probe (Chrono Boost)  
  24  2:47  Probe (Chrono Boost)  
  24  2:48  Probe (Chrono Boost)  
  26  2:57  Probe (Chrono Boost)  
  27  2:59  Probe (Chrono Boost)  
  27  3:05  Cybernetics Core  
  28  3:08  Probe (Chrono Boost)  
  29  3:18  Probe (Chrono Boost)  
  30  3:29  Probe (Chrono Boost)  
  31  3:50  Stargate  
  31  3:51  Stargate  
  31  3:52  Pylon  
  31  3:53  Pylon  
  31  3:54  Probe (Chrono Boost)  
  31  3:55  Pylon  
  32  3:57  Assimilator  
  32  4:01  Assimilator  
  32  4:05  Probe (Chrono Boost)  
  33  4:10  Stargate  
  33  4:15  Probe (Chrono Boost)  
  34  4:19  Probe (Chrono Boost)  
  35  4:26  Probe (Chrono Boost)  
  35  4:29  Probe (Chrono Boost)  
  37  4:36  Probe (Chrono Boost)  
  38  4:39  Phoenix x2  
  38  4:40  Pylon, Probe (Chrono Boost)  
  38  4:41  Pylon  
  43  4:47  Probe (Chrono Boost)  
  43  4:49  Pylon  
  43  4:50  Probe (Chrono Boost)  
  45  4:56  Phoenix  
  45  4:57  Probe (Chrono Boost)  
  48  5:01  Probe (Chrono Boost)  
  48  5:04  Phoenix  
  51  5:08  Probe (Chrono Boost)  
  52  5:18  Probe (Chrono Boost)  
  53  5:27  Nexus  
  53  5:29  Pylon, Probe (Chrono Boost)  
  54  5:40  Probe (Chrono Boost)  
  54  5:42  Fleet Beacon  
  55  5:43  Cybernetics Core  
  55  5:46  Protoss Shields Level 1  
  55  5:50  Probe (Chrono Boost)  
  56  5:59  Phoenix x2 (Chrono Boost)  
  56  6:00  Probe (Chrono Boost)  
  63  6:04  Phoenix (Chrono Boost)  
  55  6:54  Probe  
  55  6:59  Probe  
  57  7:04  Assimilator  
  57  7:06  Probe  
  58  7:08  Assimilator  
  58  7:10  Probe  
  58  7:11  Phoenix x2 (Chrono Boost)  
  58  7:12  Phoenix (Chrono Boost)  
  65  7:18  Probe  
  65  7:22  Probe  
  67  7:30  Probe  
  67  7:34  Probe  
  69  7:42  Phoenix x3 (Chrono Boost), Probe  
  76  7:46  Probe  
  76  7:48  Stargate  
  76  7:49  Stargate  
Show
View Real Time Build Order
Export as new Build Order

DyNasty Protoss - Winner!

Build Orders: 1 Gate Expand 

Get SALT Encoding   

  12  0:05  Probe (Chrono Boost)  
  13  0:15  Probe (Chrono Boost)  
  14  0:24  Pylon  
  14  0:26  Probe (Chrono Boost)  
  15  0:37  Assimilator  
  15  0:46  Probe (Chrono Boost)  
  15  0:47  Gateway  
  17  0:57  Probe (Chrono Boost)  
  17  1:07  Probe (Chrono Boost)  
  18  1:26  Nexus  
  19  1:37  Cybernetics Core  
  19  1:38  Probe (Chrono Boost)  
  19  1:49  Pylon, Probe (Chrono Boost)  
  20  2:06  Gateway  
  20  2:12  Gateway  
  20  2:21  Stargate  
  20  2:25  Warp Gate (Chrono Boost)  
  20  2:27  Probe  
  21  2:34  Assimilator  
  21  2:39  Probe  
  21  2:43  Pylon  
  22  2:50  Stalker  
  24  2:56  Stalker  
  26  3:04  Probe  
  26  3:05  Probe  
  28  3:14  Probe  
  28  3:17  Probe  
  30  3:23  Assimilator  
  30  3:25  Probe  
  31  3:27  Assimilator  
  31  3:29  Probe  
  32  3:43  Void Ray (Chrono Boost), Pylon  
  36  4:00  Probe  
  36  4:02  Probe  
  38  4:11  Probe  
  38  4:14  Probe  
  40  4:21  Probe  
  40  4:23  Void Ray (Chrono Boost)  
  45  4:26  Probe  
  46  4:31  Stargate  
  46  4:32  Probe  
  46  4:38  Pylon, Probe  
  48  4:53  Protoss Air Weapons Level 1 (Chrono Boost)  
  48  5:01  Void Ray, Probe  
  48  5:03  Pylon, Probe  
  54  5:19  Forge  
  54  5:21  Void Ray (Chrono Boost)  
  54  5:25  Probe  
  59  5:34  Probe (Chrono Boost)  
  60  5:37  Probe (Chrono Boost)  
  61  5:45  Probe (Chrono Boost)  
  61  5:46  Void Ray (Chrono Boost)  
  61  5:48  Probe (Chrono Boost)  
  67  5:58  Probe (Chrono Boost)  
  68  6:04  Probe  
  68  6:10  Probe  
  70  6:22  Void Ray (Chrono Boost)  
  74  6:32  Nexus  
  72  6:40  Stalker  
  72  6:41  Stalker  
  76  6:59  Pylon x2  
  76  7:02  Pylon  
  76  7:04  Pylon  
  76  7:18  Void Ray x2 (Chrono Boost)  
  84  7:30  Stalker x3  
  90  7:45  Photon Cannon  
  90  7:48  Photon Cannon  
  90  7:56  Stalker  
  90  7:57  Stalker x2  
  72  8:06  Photon Cannon  
  72  8:07  Photon Cannon  
  72  8:12  Void Ray x2 (Chrono Boost)  
  70  8:23  Zealot x2  
  70  8:24  Zealot  
Show
View Real Time Build Order
Export as new Build Order

Grumm Zerg - Winner!

Build Orders: Hatch First 

Get SALT Encoding   

  12  0:01  Drone  
  13  0:12  Drone  
  14  0:31  Overlord  
  14  0:45  Hatchery  
  14  0:47  Drone  
  14  0:55  Drone x2  
  16  1:05  Drone  
  17  1:15  Spawning Pool  
  17  1:17  Drone  
  17  1:24  Extractor  
  16  1:26  Drone  
  19  1:57  Spawning Pool  
  18  2:11  Hatchery  
  17  2:24  Extractor  
  17  2:25  Extractor  
  17  2:26  Drone x3  
  17  2:27  Drone x3  
  21  2:42  Overlord  
  21  2:47  Queen  
  23  2:55  Spine Crawler  
  22  3:02  Extractor  
  22  3:05  Drone x3, Extractor  
  23  3:21  Queen  
  23  3:26  Queen  
  25  3:31  Drone x3  
  30  3:46  Metabolic Boost  
  30  3:55  Roach Warren  
  30  4:01  Drone x2  
  30  4:02  Drone x5  
  36  4:21  Overlord x2  
  36  4:22  Zergling x2  
  36  4:23  Zergling x4  
  41  4:38  Roach  
  41  4:39  Roach  
  41  4:40  Roach  
  41  4:41  Roach x2  
  49  4:50  Spore Crawler  
  48  4:55  Spore Crawler  
  48  4:56  Drone x3  
  48  4:57  Drone  
  51  5:14  Lair  
  51  5:16  Drone x3  
  51  5:17  Drone x2  
  56  5:29  Evolution Chamber  
  56  5:31  Evolution Chamber  
  56  5:34  Evolution Chamber, Drone x3  
  56  5:50  Drone  
  56  5:51  Drone  
  56  6:01  Spore Crawler  
  53  6:04  Spore Crawler  
  53  6:09  Lair  
  52  6:34  Spawning Pool  
  52  6:37  Roach Warren  
  50  6:44  Overlord  
  50  6:45  Overlord x5  
  50  7:13  Hydralisk Den  
  49  7:46  Hydralisk  
  49  7:47  Hydralisk x2  
  49  7:48  Hydralisk x2  
  49  7:49  Hydralisk  
  61  8:05  Hatchery  
  60  8:14  Hydralisk x2  
  64  8:38  Hatchery  
Show
View Real Time Build Order
Export as new Build Order

DoyouWantGay Zerg - Winner!

Build Orders: Pool First 

Get SALT Encoding   

  12  0:01  Drone  
  13  0:12  Overlord  
  13  0:18  Drone  
  14  0:31  Drone x2  
  17  0:35  Drone, Extractor  
  16  0:49  Spawning Pool  
  15  1:17  Hatchery  
  14  1:35  Zergling x2  
  14  1:36  Zergling x4  
  17  1:40  Metabolic Boost  
  17  1:47  Zergling x2  
  18  1:58  Drone  
  19  2:05  Queen  
  21  2:08  Drone  
  22  2:26  Overlord  
  22  2:29  Queen  
  22  2:31  Overlord  
  22  2:33  Drone  
  24  2:54  Drone x4  
  28  3:04  Drone  
  29  3:06  Drone  
  29  3:12  Overlord  
  30  3:14  Overlord  
  30  3:23  Overlord x2  
  28  3:58  Drone x4  
  28  3:59  Drone x3  
  35  4:26  Drone x2  
  35  4:29  Drone  
  38  4:35  Drone x4  
  42  4:44  Drone x2  
  44  4:47  Extractor  
  44  4:49  Overlord x2, Extractor  
  44  4:50  Drone x2, Hatchery  
  43  4:55  Hatchery  
  43  4:57  Extractor  
  43  4:58  Evolution Chamber  
  43  4:59  Evolution Chamber  
  39  5:07  Drone x2  
  39  5:09  Drone  
  42  5:27  Drone  
  42  5:28  Drone x4  
  45  5:29  Drone x2  
  45  5:31  Drone  
  49  5:36  Zerg Ground Armor Level 1  
  49  5:38  Zerg Missile Weapons Level 1  
  49  5:45  Drone  
  49  5:46  Drone  
  51  5:53  Queen  
  55  5:59  Spore Crawler  
  55  6:00  Drone  
  55  6:01  Spore Crawler  
  55  6:02  Spore Crawler  
  55  6:03  Queen  
  55  6:15  Lair  
  53  6:22  Spore Crawler  
  53  6:23  Spore Crawler  
  51  6:26  Spore Crawler  
  51  6:27  Spore Crawler  
  51  6:29  Spore Crawler  
  51  6:31  Spore Crawler  
  47  6:53  Spore Crawler  
  46  7:13  Hydralisk Den  
  45  7:17  Extractor x2  
  45  7:21  Drone x3  
  45  7:22  Drone x2  
  48  7:38  Infestation Pit  
  47  7:55  Drone x2, Overlord x2  
  47  7:56  Overlord x4  
  49  8:00  Hydralisk x4  
  49  8:01  Hydralisk x5  
  69  8:25  Hydralisk x3  
Show
View Real Time Build Order
Export as new Build Order

RedBlueShift Protoss 

Build Orders: Double Forge, Nexus First 

Get SALT Encoding   

  12  0:01  Probe (Chrono Boost)  
  13  0:28  Pylon  
  13  0:30  Probe (Chrono Boost)  
  14  0:41  Probe (Chrono Boost)  
  15  0:58  Nexus  
  15  1:05  Probe (Chrono Boost)  
  16  1:21  Forge  
  16  1:28  Pylon  
  17  1:32  Probe (Chrono Boost)  
  17  1:43  Probe (Chrono Boost)  
  17  1:46  Assimilator  
  18  1:53  Probe (Chrono Boost)  
  19  1:56  Photon Cannon  
  19  2:03  Photon Cannon  
  19  2:04  Probe (Chrono Boost)  
  20  2:10  Probe (Chrono Boost)  
  21  2:16  Probe (Chrono Boost)  
  21  2:19  Assimilator  
  21  2:20  Probe (Chrono Boost)  
  23  2:25  Pylon  
  23  2:31  Probe (Chrono Boost)  
  24  2:41  Probe (Chrono Boost)  
  24  2:44  Gateway  
  25  2:53  Probe (Chrono Boost)  
  26  3:03  Probe (Chrono Boost)  
  27  3:14  Probe (Chrono Boost)  
  27  3:15  Probe (Chrono Boost)  
  29  3:20  Pylon  
  29  3:24  Probe (Chrono Boost)  
  29  3:26  Probe (Chrono Boost)  
  31  3:35  Probe (Chrono Boost)  
  31  3:37  Probe (Chrono Boost)  
  33  3:42  Cybernetics Core  
  33  3:43  Pylon  
  33  3:47  Probe (Chrono Boost)  
  34  4:03  Assimilator  
  34  4:06  Assimilator, Probe (Chrono Boost)  
  34  4:08  Pylon  
  35  4:14  Forge  
  35  4:16  Pylon, Probe (Chrono Boost)  
  36  4:18  Protoss Air Weapons Level 1 (Chrono Boost)  
  36  4:24  Stargate  
  36  4:27  Probe (Chrono Boost)  
  36  4:28  Pylon  
  36  4:30  Pylon  
  37  4:37  Probe (Chrono Boost)  
  38  4:49  Photon Cannon  
  38  4:54  Stargate  
  38  4:57  Stargate  
  38  5:03  Photon Cannon  
  38  5:04  Pylon  
  38  5:06  Protoss Ground Weapons Level 1  
  38  5:07  Pylon  
  38  5:08  Pylon  
  38  5:09  Void Ray  
  38  5:10  Zealot  
  38  5:13  Gateway  
  44  5:15  Gateway  
  44  5:23  Gateway  
  44  5:29  Probe  
  45  5:39  Cybernetics Core  
  45  5:40  Probe  
  45  5:41  Probe  
  47  5:43  Void Ray  
  47  5:47  Void Ray  
  55  5:52  Probe  
  55  5:53  Probe  
  57  6:04  Probe  
  57  6:06  Stargate  
  57  6:08  Protoss Air Armor Level 1 (Chrono Boost)  
  57  6:10  Probe  
  59  6:11  Void Ray  
  63  6:25  Fleet Beacon  
  63  6:31  Pylon  
  63  6:33  Photon Cannon  
  63  6:34  Warp Gate (Chrono Boost)  
  63  6:44  Void Ray x2  
  71  6:57  Void Ray  
  71  6:58  Void Ray  
  79  7:34  Void Ray  
  79  7:35  Void Ray  
  87  7:40  Void Ray x2  
  91  7:56  Probe  
  64  8:19  Zealot x4  
Show
View Real Time Build Order
Export as new Build Order

Martin Protoss 

Build Orders:  

Get SALT Encoding   

  12  0:03  Probe (Chrono Boost)  
  13  0:19  Pylon  
  13  0:20  Probe (Chrono Boost)  
  14  0:31  Probe (Chrono Boost)  
  15  0:43  Forge  
  15  0:44  Probe (Chrono Boost)  
  16  0:55  Probe (Chrono Boost)  
  17  1:17  Probe (Chrono Boost)  
  18  1:23  Pylon, Gateway  
  18  1:36  Gateway  
  18  1:41  Assimilator  
  18  2:18  Zealot  
  19  2:25  Nexus  
  19  2:28  Cybernetics Core  
  19  2:34  Assimilator  
  19  2:41  Pylon  
  19  3:04  Photon Cannon  
  19  3:05  Zealot  
  19  3:09  Mothership Core (Chrono Boost)  
  19  3:11  Pylon  
  23  3:19  Photon Cannon  
  21  3:40  Pylon  
  21  4:00  Photon Cannon  
  21  4:02  Gateway  
  21  4:11  Photon Cannon  
  21  4:13  Gateway  
  21  4:15  Photon Cannon  
  21  4:28  Probe (Chrono Boost)  
  23  4:40  Probe (Chrono Boost)  
Show
View Real Time Build Order
Export as new Build Order

JamesBoss Protoss 

Build Orders: 1 Gate Expand 

Get SALT Encoding   

  12  0:01  Probe (Chrono Boost)  
  13  0:11  Probe (Chrono Boost)  
  14  0:24  Pylon  
  14  0:28  Probe (Chrono Boost)  
  15  0:32  Assimilator  
  16  0:43  Probe (Chrono Boost)  
  16  0:50  Gateway  
  16  0:53  Probe (Chrono Boost)  
  17  1:04  Probe (Chrono Boost)  
  18  1:14  Probe (Chrono Boost)  
  19  1:29  Nexus  
  19  1:38  Cybernetics Core  
  19  1:41  Probe (Chrono Boost)  
  20  1:56  Pylon  
  20  2:03  Probe (Chrono Boost)  
  20  2:05  Assimilator  
  21  2:08  Warp Gate (Chrono Boost)  
  21  2:11  Pylon  
  21  2:13  Probe (Chrono Boost)  
  22  2:23  Zealot  
  24  2:34  Gateway  
  24  2:37  Gateway  
  24  2:42  Probe  
  25  2:45  Mothership Core  
  27  2:54  Zealot (Chrono Boost)  
  29  3:40  Probe  
  30  3:41  Probe  
  33  3:48  Zealot (Chrono Boost)  
  33  3:50  Probe  
  33  3:51  Pylon  
  33  3:53  Probe  
  35  4:01  Probe  
  36  4:05  Probe  
  37  4:27  Probe  
  38  4:38  Probe  
  38  4:42  Pylon  
  39  4:48  Probe  
  39  4:49  Probe  
  41  4:53  Stargate  
  41  4:54  Stargate  
  41  4:55  Stargate  
  41  4:56  Assimilator  
  41  4:59  Probe  
  41  5:01  Assimilator, Probe  
  41  5:05  Twilight Council  
  43  5:09  Probe  
  43  5:13  Probe  
  45  5:15  Sentry  
  45  5:16  Stalker  
  45  5:17  Adept  
  45  5:20  Probe  
  51  5:25  Probe  
  53  5:30  Probe  
  53  5:31  Protoss Air Weapons Level 1  
  54  5:37  Probe  
  54  5:38  Oracle x2  
  54  5:39  Oracle  
  54  5:41  Probe  
  54  5:42  Resonating Glaives  
  65  5:49  Probe  
  66  5:51  Forge  
  66  6:02  Stalker x2  
  70  6:10  Pylon  
  70  6:13  Pylon  
  70  6:24  Pylon  
  70  6:30  Void Ray x3  
  76  7:05  Stalker  
  76  7:06  Stalker x2  
  78  7:13  Phoenix x3  
  84  7:52  Pylon  
  84  7:54  Pylon  
  84  7:59  Pylon  
Show
View Real Time Build Order
Export as new Build Order

OMG Protoss 

Build Orders:  

Get SALT Encoding   

  12  0:02  Probe (Chrono Boost)  
  13  0:12  Probe (Chrono Boost)  
  14  0:23  Probe (Chrono Boost)  
  14  0:26  Pylon  
  15  0:44  Probe (Chrono Boost)  
  15  0:48  Forge  
  16  0:58  Probe (Chrono Boost)  
  16  1:03  Pylon  
  17  1:04  Assimilator  
  17  1:09  Probe (Chrono Boost)  
  18  1:19  Probe (Chrono Boost)  
  18  1:21  Assimilator  
  19  1:28  Photon Cannon  
  19  1:30  Probe (Chrono Boost)  
  20  1:39  Gateway  
  20  1:46  Probe (Chrono Boost)  
  21  1:50  Photon Cannon  
  21  1:56  Probe (Chrono Boost)  
  22  2:02  Photon Cannon  
  22  2:17  Pylon  
  22  2:35  Cybernetics Core  
  22  2:42  Photon Cannon  
  22  3:23  Stargate  
  22  3:26  Pylon  
  22  3:27  Pylon  
  22  3:30  Pylon  
  22  3:40  Photon Cannon  
  22  3:55  Stargate  
  22  4:07  Stargate  
  22  4:08  Void Ray (Chrono Boost)  
  26  4:10  Pylon  
  26  4:15  Nexus  
  26  4:19  Pylon  
  26  4:29  Assimilator  
  30  4:46  Void Ray (Chrono Boost)  
  34  4:55  Void Ray (Chrono Boost)  
  38  5:02  Void Ray (Chrono Boost)  
  38  5:03  Pylon  
  38  5:23  Void Ray (Chrono Boost)  
  42  5:28  Photon Cannon  
  42  5:34  Photon Cannon  
  46  5:44  Void Ray (Chrono Boost)  
  46  6:02  Void Ray (Chrono Boost)  
  50  6:20  Nexus  
  50  6:21  Pylon  
  54  6:36  Void Ray (Chrono Boost)  
  54  6:54  Void Ray (Chrono Boost)  
  54  6:59  Photon Cannon  
  54  7:05  Photon Cannon  
  54  7:26  Photon Cannon  
  54  7:30  Pylon  
  54  7:58  Nexus  
  54  8:06  Nexus  
  54  8:11  Nexus  
Tags
 
Add a new tag
Caveats
  • Supply blocks, unpowered buildings, or Contaminate may cause inaccurate times.
  • Supply counts are checked every 10 seconds.